 Dungeon Crawl Stone Soup version 0.24.0-37-gcf1ca852f1 (webtiles) character file.

Game seed: 14861331948046414098, levelgen mode: deterministic

4053 Delamore the Severer (level 10, -1/77 HPs)
             Began as a Hill Orc Fighter on Dec 7, 2019.
             Was a Priest of Okawaru.
             Slain by a 12-headed hydra (2 damage)
             ... on level 7 of the Dungeon.
             The game lasted 00:12:35 (7373 turns).

Delamore the Severer (Hill Orc Fighter)             Turns: 7373, Time: 00:12:36

Health: -1/77      AC: 17    Str: 27    XL:     10   Next: 24%
Magic:  10/10      EV:  7    Int:  8    God:    Okawaru [***...]
Gold:   415        SH: 12    Dex: 11    Spells: 9/9 levels left

rFire    + . .     SeeInvis .   a - +1 war axe
rCold    + . .     Gourm    .   z - +2 shield of Resistance {rF+ rC+ MR+}
rNeg     . . .     Faith    .   I - +2 chain mail {rPois}
rPois    +         Spirit   .   q - +2 helmet
rElec    .         Reflect  .   (no cloak)
rCorr    .         Harm     .   l - +0 pair of gloves
MR       ++...                  n - +1 pair of boots
Stlth    ..........             e - amulet of rage
HPRegen  0.22/turn              i - +1 ring of evasion
MPRegen  0.12/turn              t - ring of protection from magic

@: mighty, berserk cooldown, flying, slowed, very slow
A: no striking features
a: Heroism, Renounce Religion, Evoke Berserk Rage


You were on level 7 of the Dungeon.
You worshipped Okawaru.
Okawaru was most pleased with you.
You were hungry.

You visited 2 branches of the dungeon, and saw 8 of its levels.

You collected 415 gold pieces.

Inventory:

Hand Weapons
 a - a +1 war axe (weapon)
Armour
 l - a +0 pair of gloves (worn)
 n - a +1 pair of boots (worn)
 q - a +2 helmet (worn)
 z - the +2 shield of Resistance (worn) {rF+ rC+ MR+}
   (You found it on level 6 of the Dungeon)

   It protects you from fire.
   It protects you from cold.
   It affects your resistance to hostile enchantments.
 I - a +2 chain mail of poison resistance (worn)
Jewellery
 e - an amulet of rage (around neck)
 i - a +1 ring of evasion (left hand)
 m - an uncursed amulet of magic regeneration
 s - an uncursed ring of protection from fire
 t - a ring of protection from magic (right hand)
 H - an uncursed ring of ice
Wands
 c - a wand of flame (16)
 E - a wand of polymorph (8)
Scrolls
 b - a scroll of immolation {unknown}
 g - 6 scrolls of teleportation
 h - a scroll of enchant weapon
 j - 2 scrolls of blinking
 v - a scroll of fog
 y - 2 scrolls of enchant armour
 C - a scroll of identify
Potions
 d - 2 potions of might
 k - a potion of flight
 o - a potion of degeneration {unknown}
 p - a potion of invisibility {unknown}
 r - 2 potions of curing
 u - a potion of cancellation
 w - a potion of magic
 x - 2 potions of agility {unknown}
 A - 3 potions of heal wounds {unknown}
 B - a potion of mutation {unknown}
 D - a potion of haste {unknown}
Comestibles
 f - 6 rations
 G - 3 chunks of flesh


   Skills:
 - Level 3.6 Fighting
 + Level 17.5 Axes
 - Level 3.2 Armour
 - Level 3.2 Shields


You had 9 spell levels left.
You didn't know any spells.
Your spell library contained the following spells:

 Spells                   Type           Power        Failure   Level  Hunger
 Sandblast                Erth           #.....       100%        1    ##.....
 Passwall                 Tmut/Erth      #.......     100%        2    ###....
 Stone Arrow              Conj/Erth      #.....       100%        3    ####...
 Petrify                  Tmut/Erth      #.......     100%        4    #####..
 Lee's Rapid Deconstruct  Erth           #.........   100%        5    ######.


Dungeon Overview and Level Annotations

Branches:
Dungeon (7/15)             Temple (1/1) D:5

Altars:
Ashenzari
Cheibriados
Dithmenos
Elyvilon
Gozag
Hepliaklqana
Kikubaaqudgha
Makhleb
Nemelex Xobeh
Okawaru
Ru
Sif Muna
Trog
Uskayaw
Vehumet
Wu Jian
Xom
Yredelemnul
Zin
The Shining One

Annotations:
D:7 1 runed translucent door


Message History

The 12-headed hydra bites you.
* * * LOW HITPOINT WARNING * * *
The 12-headed hydra barely misses you.
The 12-headed hydra bites you but does no damage.
Okay, then.
It was a potion of flight.
You feel very buoyant.
You fly up into the air.
The 12-headed hydra bites you.
* * * LOW HITPOINT WARNING * * *
The 12-headed hydra bites you but does no damage.
The 12-headed hydra bites you.
* * * LOW HITPOINT WARNING * * *
The 12-headed hydra bites you but does no damage.
The 12-headed hydra bites you.
* * * LOW HITPOINT WARNING * * *
You block the 12-headed hydra's attack. The 12-headed hydra bites you.
* * * LOW HITPOINT WARNING * * *
The 12-headed hydra bites you but does no damage.
You block the 12-headed hydra's attack. The 12-headed hydra bites you.
You die...

##...[......###.........#
#...###......#.........#
#..#.####..............#
#..##.#####............#
#.. ##.## ###......#+#.#
#..
##.#######......#.#######
#..
##......###.....<.[...>#
#..
##.######D.##...###.###.#
#.. ##.## ##.#@.###...#.#
#.# ##.##
##FF###..###...###.##
#.## #..9# #..###......#
### #...# #..###....#
###5# ##..###..# #.#
.+.......# 5.# ##..###..#
[.# ..###....# #.#
###.(....#


You could see a 12-headed hydra.

Vanquished Creatures
  Pikel (D:6)
  The ghost of Goreval the Zephyrmancer, a novice TeAE of Qazlal (D:6)
  Prince Ribbit (D:5)
  Sigmund (D:2)
  3 orc warriors
  2 black bears
  4 slaves (D:6)
  A sky beast (D:6)
  2 phantoms
  A centaur (D:5)
  6 bullfrogs
  A water moccasin skeleton (D:7)
  5 wights (D:6)
  3 crimson imps
  3 hounds
  A jelly (D:6)
  17 orc wizards
  11 orc priests
  2 bullfrog skeletons
  An iguana (D:6)
  3 worker ants
  A hound skeleton (D:6)
  Robin (D:2)
  A howler monkey skeleton (D:4)
  4 adders
  7 gnolls
  2 shadow imps
  4 adder skeletons
  3 worms
  3 dart slugs
  5 leopard geckos
  46 orcs
  8 bats
  6 giant cockroaches
  11 goblins
  13 hobgoblins
  16 jackals
  A quokka (D:2)
  2 ball pythons (D:3)
  4 frilled lizards
  4 kobolds
  5 rats
217 creatures vanquished.

Vanquished Creatures (others)
  An orc wizard (D:3)
1 creature vanquished.

Grand Total: 218 creatures vanquished

Notes
Turn   | Place    | Note
-------+----------+-------------------------------------------
     0 | D:1      | Delamore the Hill Orc Fighter began the quest for the Orb.
     0 | D:1      | Reached XP level 1. HP: 19/19 MP: 1/1
    15 | D:1      | Reached skill level 3 in Axes
   146 | D:1      | Reached XP level 2. HP: 23/26 MP: 2/2
   157 | D:1      | Reached skill level 4 in Axes
   650 | D:1      | Reached XP level 3. HP: 31/31 MP: 3/3
   693 | D:1      | Reached skill level 5 in Axes
   988 | D:2      | Noticed Robin
   997 | D:2      | Reached XP level 4. HP: 36/39 MP: 4/4
   999 | D:2      | Killed Robin
  1066 | D:2      | Reached skill level 6 in Axes
  1089 | D:2      | Noticed Sigmund
  1483 | D:2      | Killed Sigmund
  1483 | D:2      | Reached skill level 8 in Axes
  1483 | D:2      | Reached XP level 5. HP: 38/45 MP: 5/5
  1483 | D:2      | Reached XP level 6. HP: 44/51 MP: 6/6
  1652 | D:2      | Found a shimmering altar of Xom.
  1809 | D:3      | Noticed a +0 hand axe
  1809 | D:3      | Noticed a +0 hand axe
  1828 | D:3      | Found a hide-covered altar of Uskayaw.
  1881 | D:3      | Reached skill level 9 in Axes
  2670 | D:4      | Reached XP level 7. HP: 57/57 MP: 7/7
  2720 | D:4      | Found a sacrificial altar of Ru.
  2799 | D:4      | Reached skill level 10 in Axes
  3056 | D:4      | Found a bloodstained altar of Trog.
  3161 | D:4      | Reached skill level 11 in Axes
  3330 | D:4      | Found a burning altar of Makhleb.
  3930 | D:5      | Entered Level 5 of the Dungeon
  3950 | D:5      | Reached XP level 8. HP: 53/64 MP: 8/8
  4075 | D:5      | Reached skill level 12 in Axes
  4419 | D:5      | Reached skill level 13 in Axes
  4683 | D:5      | Found a staircase to the Ecumenical Temple.
  4859 | Temple   | Entered the Ecumenical Temple
  4976 | Temple   | Became a worshipper of Warmaster Okawaru
  5018 | D:5      | Noticed Prince Ribbit
  5043 | D:5      | Killed Prince Ribbit
  5399 | D:6      | Reached XP level 9. HP: 70/70 MP: 9/9
  5407 | D:6      | Reached skill level 14 in Axes
  5428 | D:6      | Reached * piety under Okawaru
  5500 | D:6      | Noticed Pikel
  5518 | D:6      | Killed Pikel
  5518 | D:6      | Reached skill level 15 in Axes
  5940 | D:6      | Reached ** piety under Okawaru
  6116 | D:6      | Found a runed translucent door.
  6117 | D:6      | Noticed Goreval's ghost (novice TeAE)
  6154 | D:6      | Killed Goreval's ghost
  6154 | D:6      | Reached skill level 16 in Axes
  6269 | D:6      | Reached XP level 10. HP: 55/77 MP: 10/10
  6397 | D:6      | Reached skill level 17 in Axes
  6408 | D:6      | Found an ornate altar of the Wu Jian Council.
  6735 | D:6      | Found the +2 shield of Resistance {rF+ rC+ MR+}
  6988 | D:7      | Found a shimmering altar of Xom.
  6991 | D:7      | Found a shimmering altar of Xom.
  6995 | D:7      | Found a radiant altar of Vehumet.
  7261 | D:7      | Found a runed translucent door.
  7311 | D:7      | Reached *** piety under Okawaru
  7351 | D:7      | Noticed a gargoyle
  7352 | D:7      | Noticed a seven-headed hydra
  7373 | D:7      | HP: 3/77 [12-headed hydra (5)]
  7373 | D:7      | HP: 1/77 [12-headed hydra (2)]
  7373 | D:7      | Slain by a 12-headed hydra

Levels and vault maps discovered:
D:1:      minmay_arrival_diagonal_passages, layout_basic, st_stairs_9,
          minmay_misc_feat_enclosed
D:2:      layout_basic, overflow_temple_1_default, first_ration, uniq_sigmund,
          uniq_robin
D:3:      layout_loops_ring, dancing_weapons_uskayaw
D:4:      layout_loops_corners, kennysheep_mini, makhleb_blood_cavern_becter,
          bloody_trog
D:5:      layout_basic, minmay_temple_entry_enclosed_plants, uniq_prince_ribbit1
D:6:      layout_loops_corners, lemuel_doored_altar,
          hellmonk_ghost_happy_afterlife, uniq_pikel
D:7:      minmay_the_grid_triangle_9x9_recursive_2
          [minmay_the_grid_triangle_9x9_prize_schism,
          minmay_the_grid_triangle_9x9_odd_lines,
          minmay_the_grid_triangle_9x9_minimal,
          minmay_the_grid_triangle_9x9_subtriangle], layout_basic,
          vehumet_altar_wand_db, minivault_22, the_bakery, xom_redecorated
Temple:   dshaligram_water_room_temple

Skill      XL: |  1  2  3  4  5  6  7  8  9 10 |
---------------+-------------------------------+-----
Axes           | 3 4 5 8 9 11 13 16 17 | 17.5
Fighting       | |  3.6
Armour         | |  3.2
Shields        | |  3.2

Action                   |  1- 3 |  4- 6 |  7- 9 | 10-12 || total
-------------------------+-------+-------+-------+-------++-------
Melee: War axe           |    93 |   161 |   364 |    83 ||   701
 Abil: Evoke Berserk Rag |       |       |     1 |     2 ||     3
Evoke: Wand              |       |       |       |     2 ||     2
  Use: Scroll            |       |     1 |    10 |       ||    11
       Potion            |       |       |       |     2 ||     2
  Eat: Chunk             |       |     5 |    10 |     5 ||    20
       Ration            |       |       |     1 |       ||     1
Armor: Scale mail        |    46 |    86 |   122 |     1 ||   255
       Chain mail        |       |       |       |    35 ||    35
       Plate armour      |       |       |       |    27 ||    27
Dodge: Dodged            |    34 |    60 |   100 |    27 ||   221
Block: Shield            |    50 |    77 |   157 |    42 ||   326
